 Dungeon Crawl Stone Soup version 0.24.0-13-gcf9b319 (webtiles) character file.

Game seed: 14200839397433667705, levelgen mode: deterministic

78 Calico the Sneak (level 4, 0/21 HPs)
             Began as a Vampire Enchanter on Feb 4, 2020.
             Slain by an orc
             ... wielding a +0 mace
              (4 damage)
             ... on level 2 of the Dungeon.
             The game lasted 00:35:32 (2386 turns).

Calico the Sneak (Vampire Enchanter)                Turns: 2386, Time: 00:35:32

Health: 0/21       AC:  2    Str:  2 (8)  XL:     4   Next: 15%
Magic:  4/7        EV: 12    Int: 11 (17) God:
Gold:   76         SH:  0    Dex:  9 (14) Spells: 4/7 levels left

rFire    . . .     SeeInvis +   e - +2 dagger (speed)
rCold    + + +     Gourm    .   (no shield)
rNeg     + + +     Faith    .   b - +0 robe
rPois    ∞         Spirit   .   (no helmet)
rElec    .         Reflect  .   (no cloak)
rCorr    .         Harm     .   (no gloves)
MR       .....                  (no boots)
Stlth    +++++.....             f - amulet of regeneration
HPRegen  0.00/turn              h - ring of protection from cold
MPRegen  0.10/turn              (no ring)

@: very slightly contaminated, bloodless, regenerating quickly
A: no food, fangs 3, see invisible, [frail 1], unbreathing
a: Bat Form, Revivify


You were on level 2 of the Dungeon.
You were bloodless.

You visited 1 branch of the dungeon, and saw 3 of its levels.

You collected 76 gold pieces.

Inventory:

Hand Weapons
 a - a +1 dagger
 e - a +2 dagger of speed (weapon)
Armour
 b - a +0 robe (worn)
Jewellery
 f - an amulet of regeneration (around neck)
 h - a ring of protection from cold (left hand)
Wands
 r - a wand of acid (6)
Scrolls
 c - 2 scrolls of magic mapping {unknown}
 i - a scroll of identify
 l - 2 scrolls of teleportation {unknown}
 n - a scroll of immolation {unknown}
 q - a scroll of fear {unknown}
 s - a scroll of blinking {unknown}
Potions
 d - a potion of degeneration {unknown}
 g - a potion of heal wounds {unknown}
 j - 2 potions of flight {unknown}
 k - 2 potions of berserk rage {unknown}
 m - a potion of lignification {unknown}
 o - a potion of curing {unknown}
 p - a potion of agility {unknown}


   Skills:
 + Level 0.3 Fighting
 * Level 2.2 Short Blades
 + Level 2.3 Dodging
 * Level 6.0 Stealth
 + Level 2.2 Spellcasting
 + Level 5.1 Hexes


You had 4 spell levels left.
You knew the following spells:

 Your Spells              Type           Power        Failure   Level  Hunger
x - Ensorcelled Hibernat  Hex/Ice        #.....       16%         2    N/A
z - Corona                Hex            ##.....      3%          1    N/A

Your spell library contained the following spells:

 Spells                   Type           Power        Failure   Level  Hunger
 Confuse                  Hex            ##......     11%         3    N/A
 Tukima's Dance           Hex            ##......     11%         3    N/A
 Dazzling Spray           Conj/Hex       #.....       30%         3    N/A

Dungeon Overview and Level Annotations

Branches:
Dungeon (3/15)

Altars:
Kikubaaqudgha
Makhleb
Xom


Innate Abilities, Weirdness & Mutations

You do not eat.
You do not regenerate when monsters are visible.
You are frail without blood (-20% HP).
You can heal yourself when you bite living creatures.
You are immune to poison.
You have razor-sharp teeth.
You have supernaturally acute eyesight. (SInv)
You can survive without breathing.
[You are frail. (-10% HP)]


Message History

The orc is heavily wounded.
You hear a shout!
The orc hits you with a +0 mace.
There is a stone staircase leading up here.
The orc hits you with a +0 mace!
* * * LOW HITPOINT WARNING * * *
You climb upwards.
There is a stone staircase leading down here.
Casting: Ensorcelled Hibernation (safe; 16% risk of failure)
Confirm with . or Enter, or press ? or * to list all spells.
Aiming: Ensorcelled Hibernation (safe; 16% risk of failure)
Press: ? - help, Shift-Dir - straight line, f - orc
Aim: an orc, wielding a +0 mace and wearing a +0 leather armour (moderately wounded, chance to defeat MR: 55%)
You miscast Ensorcelled Hibernation.
You are very lightly contaminated with residual magic.
You feel a strange surge of energy!
You hit the orc.
The orc is heavily wounded.
The orc hits you with a +0 mace.
You die...

#†##.## #.##..# #.###.##
################## #.# #..#
.................# #.# ##.#
################.# #.# #.# #.#
#.# #.# ######## #.# ####.## #.##
.......####### #@####..#..###..#
.............# #o##..PP.P..###.##
.#####.#####.# #.##.P♣.....# #..#
.# #.# #.# #...♣..♣♣P..# ##.# ##
#.# #.#####.♣P♣♣P...####.. # #.#
#........P.♣♣♣P.#...#. ######.#
#........♣P.♣P..P♣PP.. ....♣♣♣♣
#......#..PP....P.♣♣P.
###♣♣♣P♣♣####...............♣♣PP.


You could see an orc.

Vanquished Creatures
  3 adders
  An orc (D:3)
  6 giant cockroaches
  8 goblins
  5 hobgoblins
  10 kobolds
  A quokka (D:3)
  A ball python (D:2)
  4 bats
  3 frilled lizards
  4 rats
  A rat zombie (D:2)
  2 plants (D:2)
49 creatures vanquished.

Notes
Turn   | Place    | Note
-------+----------+-------------------------------------------
     0 | D:1      | Calico the Vampire Enchanter began the quest for the Orb.
     0 | D:1      | Reached XP level 1. HP: 13/13 MP: 3/3
   233 | D:1      | Reached XP level 2. HP: 19/19 MP: 5/5
   240 | D:1      | Learned a level 2 spell: Ensorcelled Hibernation
   497 | D:1      | Reached skill level 5 in Stealth
   667 | D:2      | Found a shimmering altar of Xom.
   667 | D:2      | Found a shimmering altar of Xom.
   667 | D:2      | Found a shimmering altar of Xom.
   669 | D:2      | Found a shimmering altar of Xom.
   669 | D:2      | Found a shimmering altar of Xom.
   669 | D:2      | Found a shimmering altar of Xom.
   670 | D:2      | Found a shimmering altar of Xom.
   671 | D:2      | Found a shimmering altar of Xom.
   788 | D:2      | Reached skill level 5 in Hexes
   788 | D:2      | Reached XP level 3. HP: 19/24 MP: 6/6
  1149 | D:2      | Found an ancient bone altar of Kikubaaqudgha.
  1264 | D:2      | Found a burning altar of Makhleb.
  2202 | D:3      | Reached XP level 4. HP: 21/21 MP: 7/7
  2347 | D:3      | Reached skill level 6 in Stealth
  2386 | D:2      | Slain by an orc

Levels and vault maps discovered:
D:1:      lemuel_arrival_behind_the_door_small, layout_basic, serial_park_tiny_2
D:2:      layout_loops_ring, lightli_temple_of_fire,
          lemuel_zombie_altar_kikubaaqudgha, serial_forest,
          infiniplex_forest_clump_small, infiniplex_forest_lined_2,
          infiniplex_forest_end_3, infiniplex_forest_clump_diagonal,
          infiniplex_forest_end_3, infiniplex_forest_clump_medium,
          infiniplex_forest_end_1, infiniplex_forest_end_2,
          infiniplex_forest_clump_small, infiniplex_forest_end_double,
          xom_redecorated
D:3:      layout_basic, first_ration

Skill      XL: |  1  2  3  4 |
---------------+-------------+-----
Stealth        | 5 6 |  6.0
Hexes          | 5 |  5.1
Short Blades   | 2 |  2.2
Fighting       | |  0.3
Dodging        | |  2.3
Spellcasting   | |  2.2

Action                   |  1- 3 |  4- 6 || total
-------------------------+-------+-------++-------
Melee: Dagger            |   308 |    24 ||   332
       Bite              |    45 |       ||    45
       Unarmed           |    14 |       ||    14
 Cast: Ensorcelled Hiber |       |     1 ||     1
 Abil: End Transformatio |     3 |       ||     3
       Bat Form          |     3 |       ||     3
       Exsanguinate      |     2 |       ||     2
       Revivify          |     1 |       ||     1
  Use: Scroll            |     1 |       ||     1
 Stab: Sleeping          |    15 |     1 ||    16
Armor: Robe              |    10 |       ||    10
Dodge: Dodged            |    65 |    15 ||    80
